Map: Traitor's Exile

Players

OpuS - Winner!

  • Race: Protoss Protoss
  • League: Diamond
  • Spawn Location: 12:00

Sketchaphone - Winner!

  • Race: Zerg Zerg
  • League: Gold
  • Spawn Location: 9:00

Mosh

  • Race: Zerg Zerg
  • League: Platinum
  • Spawn Location: 6:00

RoiSqueebs

  • Race: Protoss Protoss
  • Spawn Location: 5:00

VOD

Have the link to the VOD?

Description

Time

  • Played on: Jan. 14, 2019, 8:09 p.m.
  • Length: 19:58
Show
View Real Time Build Order
Export as new Build Order

OpuS Protoss - Winner!

Build Orders:  

Get SALT Encoding   

  12  0:01  Probe  
  13  0:13  Probe  
  14  0:24  Pylon  
  14  0:26  Probe  
  15  0:42  Probe  
  16  0:47  Gateway  
  16  0:50  Probe  
  17  0:57  Assimilator  
  17  0:58  Probe  
  18  1:09  Probe  
  19  1:14  Gateway  
  19  1:18  Probe  
  19  1:21  Pylon  
  20  1:26  Probe  
  21  1:43  Cybernetics Core  
  21  1:49  Zealot  
  23  1:56  Probe  
  24  2:08  Zealot  
  24  2:09  Probe  
  24  2:14  Pylon  
  27  2:21  Probe  
  30  2:23  Sentry  
  30  2:24  Warp Gate  
  29  2:39  Zealot  
  29  2:43  Gateway  
  31  2:47  Gateway  
  31  2:50  Probe  
  32  2:54  Assimilator  
  32  3:00  Sentry  
  32  3:03  Pylon  
  34  3:30  Sentry  
  36  3:35  Zealot  
  36  3:37  Nexus  
  38  3:45  Pylon  
  38  3:53  Zealot x2  
  42  3:57  Sentry  
  42  4:00  Pylon  
  44  4:09  Probe  
  45  4:21  Probe  
  46  4:25  Pylon  
  46  4:33  Sentry x2  
  46  4:35  Zealot  
  46  4:36  Zealot  
  46  4:37  Probe  
  55  4:45  Twilight Council  
  55  4:49  Probe x2  
  57  5:00  Assimilator  
  57  5:02  Sentry  
  57  5:04  Assimilator  
  59  5:08  Zealot  
  59  5:12  Probe x2  
  63  5:24  Probe x2  
  65  6:02  Charge  
  53  6:05  Probe  
  53  6:06  Probe  
  53  6:08  Zealot x3  
  53  6:09  Zealot  
  59  6:17  Gateway  
  59  6:18  Probe x2  
  57  6:19  Gateway  
  57  6:24  Gateway  
  57  6:25  Gateway  
  55  6:30  Pylon, Probe  
  56  6:36  Sentry  
  56  6:37  Sentry x2  
  56  6:39  Sentry  
  64  6:41  Probe  
  64  6:42  Probe  
  66  6:53  Probe  
  67  6:56  Probe  
  67  7:01  Sentry x3  
  72  7:02  Sentry  
  72  7:05  Probe  
  72  7:08  Probe  
  78  7:26  Zealot  
  78  7:27  Zealot x5  
  78  7:28  Zealot x2  
  88  7:34  Pylon  
  88  7:36  Pylon  
  72  8:12  Zealot x5  
  70  8:13  Zealot x3  
  78  8:24  Nexus  
  74  8:33  Zealot  
  74  8:34  Zealot x4  
  74  8:42  Robotics Facility  
  74  9:02  Robotics Facility  
  72  9:05  Templar Archives  
  72  9:06  Zealot x3  
  60  9:23  Pylon  
  45  9:26  Pylon  
  24  11:28  Nexus  
  20  12:54  Probe  
  21  13:22  Probe  
  22  13:30  Probe  
  22  13:40  Probe  
  24  13:52  Probe  
  25  14:04  Probe  
  26  14:16  Probe  
  27  14:28  Probe  
  28  14:40  Probe  
  29  14:53  Probe  
  29  14:58  Pylon  
  30  15:00  Assimilator  
  30  15:05  Assimilator  
  30  15:24  Stargate  
  30  15:27  Stargate  
  30  15:57  Nexus  
  30  16:22  Void Ray x2  
  38  16:48  Probe  
  38  16:51  Pylon  
  39  17:05  Void Ray  
  39  17:07  Void Ray  
  47  17:13  Probe x2  
  49  17:28  Probe  
  49  17:29  Probe  
  51  17:38  Void Ray  
  51  17:40  Stargate  
  51  17:41  Void Ray  
  55  17:54  Probe  
  55  17:56  Probe  
  61  18:12  Probe x2  
  63  18:17  Stargate  
  63  18:24  Probe x2  
  63  18:26  Void Ray  
  69  18:33  Void Ray  
  73  18:40  Void Ray  
  73  19:00  Void Ray  
  73  19:02  Probe x2  
  75  19:09  Void Ray  
  79  19:14  Probe x2  
  85  19:25  Assimilator  
  85  19:26  Probe x2  
  85  19:29  Assimilator  
  87  19:38  Probe  
Show
View Real Time Build Order
Export as new Build Order

Sketchaphone Zerg - Winner!

Build Orders: Hatch First, Lurkers 

Get SALT Encoding   

  12  0:01  Drone  
  13  0:13  Overlord  
  13  0:22  Drone  
  13  0:25  Extractor  
  13  0:26  Drone  
  15  0:40  Drone  
  15  0:41  Drone  
  17  0:59  Hatchery  
  17  1:00  Drone  
  17  1:17  Spawning Pool  
  17  1:18  Drone  
  17  1:21  Extractor  
  17  1:23  Drone  
  17  1:29  Drone  
  17  1:30  Drone  
  19  1:44  Drone  
  20  1:51  Overlord  
  20  2:05  Overlord  
  20  2:06  Queen  
  22  2:12  Queen  
  22  2:14  Zergling x2  
  25  2:21  Drone  
  25  2:22  Overlord  
  26  2:28  Metabolic Boost  
  26  2:40  Drone x2, Zergling x2  
  29  2:55  Queen  
  29  2:56  Drone  
  32  2:59  Drone  
  32  3:03  Drone  
  34  3:15  Hatchery  
  34  3:16  Drone  
  34  3:26  Overlord  
  34  3:44  Overlord  
  34  3:48  Drone x5  
  38  3:49  Roach Warren  
  38  4:02  Drone x2  
  40  4:03  Roach Warren  
  39  4:16  Evolution Chamber  
  39  4:18  Extractor  
  38  4:31  Roach  
  38  4:32  Roach x8  
  56  4:39  Drone x2  
  56  4:40  Evolution Chamber  
  56  4:41  Drone  
  58  4:53  Roach x3  
  58  4:56  Ravager  
  65  5:07  Overlord  
  65  5:12  Drone  
  65  5:13  Overlord  
  66  5:25  Queen  
  68  5:31  Zerg Ground Armor Level 1  
  68  5:37  Zerg Missile Weapons Level 1  
  68  5:39  Drone x4  
  68  5:40  Drone, Overlord x2  
  68  5:42  Drone  
  73  6:09  Roach x7  
  87  6:15  Drone  
  87  6:16  Drone x3, Overlord  
  87  6:17  Overlord  
  85  6:41  Roach x7  
  99  6:55  Roach, Overlord  
  99  6:58  Drone  
  99  6:59  Drone x3, Overlord x2, Extractor  
  99  7:00  Extractor  
  103  7:04  Pneumatized Carapace  
  103  7:09  Drone x2  
  103  7:10  Drone  
  89  7:42  Zergling x6  
  89  7:43  Zergling x18, Overlord  
  101  8:08  Hatchery  
  66  8:38  Lair  
  66  8:39  Zerg Melee Weapons Level 1  
  59  8:42  Burrow  
  59  8:47  Drone x4  
  59  8:48  Overlord x4  
  63  8:56  Roach x6  
  63  8:57  Roach x2  
  63  9:00  Roach  
  81  9:06  Roach x4  
  89  9:13  Roach x5  
  99  9:21  Roach x5  
  109  9:30  Roach x3  
  115  9:32  Ravager x6  
  120  9:45  Zerg Missile Weapons Level 2  
  120  9:46  Hydralisk Den  
  119  9:54  Zergling x24  
  131  10:04  Roach x3  
  131  10:31  Roach  
  131  10:32  Roach x11  
  131  10:47  Hydralisk x7  
  145  10:55  Glial Reconstitution  
  145  10:57  Zerg Ground Armor Level 2  
  145  10:59  Grooved Spines  
  145  11:02  Hydralisk Den  
  144  11:08  Lurker Den  
  144  11:09  Overlord x2  
  143  11:15  Spire  
  142  11:20  Extractor  
  135  11:30  Hydralisk  
  135  11:31  Hydralisk x12  
  142  11:41  Roach  
  142  11:42  Roach  
  108  12:04  Hydralisk x2  
  88  12:08  Hydralisk x4  
  88  12:09  Hydralisk x4  
  82  12:20  Hydralisk x7  
  88  12:30  Zergling x6  
  79  12:42  Lurker x2  
  78  12:47  Lurker x2  
  78  12:50  Lurker  
  67  13:01  Corruptor x3  
  67  13:02  Corruptor x4  
  65  13:31  Corruptor x3  
  65  13:32  Corruptor  
  72  13:36  Hydralisk x3  
  72  13:41  Hydralisk  
  56  14:11  Roach x7  
  56  14:12  Roach  
  69  14:22  Roach x2  
  69  14:23  Roach  
  69  14:33  Zergling x4  
  71  14:45  Corruptor x3  
  77  15:28  Hydralisk x2  
  77  15:30  Roach x4  
  88  15:48  Roach x11  
  86  16:16  Roach x11  
  86  16:32  Hydralisk x6  
  94  16:45  Drone x2, Ravager x2  
  78  17:10  Drone  
  79  17:16  Hydralisk x2  
  83  17:24  Hatchery  
  43  18:01  Roach x7  
  48  18:06  Roach  
  41  18:17  Drone x2  
  29  19:24  Drone x3  
Show
View Real Time Build Order
Export as new Build Order

Mosh Zerg 

Build Orders: Hatch First 

Get SALT Encoding   

  12  0:01  Drone  
  13  0:08  Drone  
  14  0:17  Overlord  
  14  0:38  Drone  
  14  0:39  Drone x2  
  17  1:00  Drone  
  17  1:03  Hatchery  
  17  1:11  Drone x2  
  17  1:17  Spawning Pool  
  18  1:22  Extractor  
  18  1:23  Drone  
  18  1:33  Drone  
  19  1:48  Drone  
  19  1:51  Extractor  
  19  2:01  Drone  
  20  2:04  Queen  
  20  2:06  Overlord  
  22  2:16  Roach Warren, Drone  
  22  2:17  Drone  
  22  2:22  Queen  
  24  2:45  Drone x4  
  28  2:53  Drone x2  
  30  3:01  Roach x2  
  34  3:10  Drone x2  
  36  3:14  Overlord x2  
  36  3:18  Lair  
  36  3:29  Evolution Chamber  
  36  3:30  Evolution Chamber  
  36  3:32  Roach x2  
  38  3:39  Roach  
  38  3:40  Roach  
  42  3:44  Roach  
  42  3:46  Drone  
  46  3:48  Drone  
  46  4:10  Extractor  
  45  4:30  Drone x5  
  50  4:39  Extractor  
  49  4:46  Drone  
  49  4:47  Drone x2  
Show
View Real Time Build Order
Export as new Build Order

RoiSqueebs Protoss 

Build Orders:  

Get SALT Encoding   

  12  0:00  Probe  
  13  0:13  Probe  
  14  0:23  Pylon  
  14  0:30  Probe  
  15  0:42  Probe  
  16  0:46  Gateway  
  16  0:54  Pylon  
  16  0:58  Probe  
  17  1:04  Pylon  
  17  1:23  Assimilator  
  17  1:24  Assimilator  
  17  1:25  Probe  
  17  1:33  Probe  
  18  1:40  Cybernetics Core  
  18  1:43  Probe, Assimilator  
  19  1:55  Probe  
  20  2:07  Probe  
  20  2:08  Gateway  
  21  2:15  Probe  
  22  2:23  Gateway  
  22  2:24  Probe  
  23  2:30  Warp Gate  
  23  2:42  Stalker  
  25  2:50  Probe  
  26  2:56  Pylon  
  26  3:14  Nexus  
  26  3:23  Shield Battery  
  26  3:26  Adept  
  26  3:29  Adept  
  30  3:47  Adept, Shield Battery  
  32  3:56  Shield Battery  
  32  4:13  Probe  
  33  4:20  Gateway  
  33  4:24  Gateway  
  33  4:25  Probe  
  33  4:27  Gateway, Twilight Council  
  33  4:29  Gateway  
  34  4:38  Probe  
  35  4:46  Probe  
  36  4:55  Probe  
  37  5:00  Resonating Glaives  
  37  5:01  Pylon  
  37  5:02  Adept x3  
  37  5:03  Pylon  
  37  5:05  Pylon  
  43  5:07  Probe  
  44  5:17  Forge  
  44  5:18  Forge, Probe  
  45  5:25  Assimilator  
  45  5:26  Probe x2  
  46  5:32  Adept  
  46  5:33  Adept x5  
  46  5:34  Adept, Probe  
  61  5:39  Probe  
  63  5:45  Robotics Facility  
  63  5:46  Probe  
  63  5:47  Robotics Facility  
  64  5:51  Probe  
  65  5:58  Probe  
  65  6:03  Probe  
  47  6:25  Stalker x2  
  47  6:26  Stalker x5  
  57  6:33  Dark Shrine, Immortal  
  57  6:34  Immortal  
  57  6:37  Gateway, Blink  
  53  6:40  Gateway  
  53  6:42  Gateway  
  53  6:44  Gateway  
  61  6:49  Protoss Ground Weapons Level 1  
  61  6:50  Protoss Shields Level 1  
  61  7:01  Stalker  
  61  7:02  Stalker x4  
  61  7:03  Stalker x2  
  75  7:11  Immortal x2  
  79  7:33  Adept x3  
  85  7:41  Pylon  
  85  7:42  Pylon  
  85  7:43  Pylon  
  85  7:45  Pylon x2  
  85  7:46  Pylon  
  85  7:47  Pylon  
  85  7:49  Pylon  
  63  8:12  Stalker  
  63  8:13  Stalker x4  
  63  8:14  Stalker  
  63  8:15  Stalker x4  
  63  8:17  Stalker  
  67  8:37  Adept  
  67  8:38  Adept x4  
  67  8:39  Adept x5  
  67  8:40  Adept  
  89  8:49  Immortal x2  
  95  9:08  Stalker  
  95  9:09  Stalker x5  
  107  9:10  Stalker  
  107  9:42  Adept x2  
  107  9:43  Adept  
  107  9:44  Adept  
  107  10:16  Adept x5  
  107  10:17  Stalker x2  
  107  10:18  Stalker x2  
  121  10:31  Pylon, Shield Battery  
  121  10:33  Shield Battery  
  111  10:45  Observer  
  111  10:49  Immortal  
  114  11:24  Gateway, Shield Battery  
  114  11:25  Shield Battery  
  114  11:35  Stalker x2  
  114  11:36  Stalker x3  
  124  11:43  Assimilator  
  86  12:26  Adept x3  
  86  12:27  Adept x5  
  86  12:28  Adept x2  
  104  12:38  Dark Templar  
  104  12:40  Protoss Ground Weapons Level 2  
  102  13:09  Nexus  
  93  13:28  Adept x4  
  93  13:29  Adept x2  
  67  14:22  Probe x3  
  66  14:34  Probe x2  
  66  14:37  Stalker  
  66  14:38  Stalker x3  
  75  14:39  Stalker x2  
  75  14:40  Stalker x4  
  88  14:46  Probe x2  
  90  14:58  Probe x2  
  90  15:25  Nexus  
  90  15:28  Observer  
  90  15:29  Observer  
  92  15:50  Immortal x2  
  92  15:53  Stalker  
  102  16:17  Stalker x2  
  102  16:18  Stalker  
  96  16:54  Stalker  
  96  16:55  Stalker x4  
  106  17:20  Assimilator  
  106  17:21  Assimilator  
  86  18:03  Stalker x2  
  86  18:04  Stalker x5  
  86  18:05  Stalker x2  
  104  18:21  Nexus  
Tags
 
Add a new tag
Caveats
  • Supply blocks, unpowered buildings, or Contaminate may cause inaccurate times.
  • Supply counts are checked every 10 seconds.